 Dungeon Crawl Stone Soup version 0.21-a0-509-gecc5317 (webtiles) character file.

910 Gerstahl the Slasher (level 8, 0/76 HPs)
             Began as a Naga Gladiator on Nov 30, 2017.
             Slain by an orc warrior
             ... wielding a +0 war axe
              (18 damage)
             ... on level 5 of the Dungeon.
             The game lasted 00:09:28 (3370 turns).

Gerstahl the Slasher (Naga Gladiator)               Turns: 3370, Time: 00:09:29

Health: 0/76       AC:  5    Str: 16    XL:     8   Next: 8%
Magic:  8/8        EV: 10    Int:  8    God:
Gold:   238        SH:  5    Dex: 16    Spells: 7/7 levels left

rFire    . . .     SeeInvis +   a - +0 long sword
rCold    . . .     Gourm    .   l - +0 buckler (curse)
rNeg     . . .     Faith    .   b - +0 leather armour
rPois    +         Spirit   .   c - +0 helmet
rElec    .         Reflect  .   (no cloak)
rCorr    .         Harm     .   (no gloves)
MR       +....     Rnd*Rage +   (no barding)
Stlth    +.........             g - amulet of regeneration
HPRegen  0.62/turn              (no ring)
MPRegen  0.11/turn              (no ring)

@: very slow
A: large, see invisible, berserk 1, deformed body, poison resistance, screaming
1, slowness 2, slow metabolism 1, spit poison 1, AC +2
a: Spit Poison


You were on level 5 of the Dungeon.
You were hungry.

You visited 1 branch of the dungeon, and saw 5 of its levels.

You collected 238 gold pieces.

Inventory:

Hand Weapons
 a - a +0 long sword (weapon)
Missiles
 d - 4 throwing nets (quivered)
Armour
 b - a +0 leather armour (worn)
 c - a +0 helmet (worn)
 l - a cursed +0 buckler (worn)
Jewellery
 g - an amulet of regeneration (around neck)
 y - an uncursed ring of fire
Wands
 x - a wand of acid (10)
 z - a wand of digging (19)
Scrolls
 j - 5 scrolls of identify {unknown}
 k - 2 scrolls of amnesia {unknown}
 n - 2 scrolls of teleportation {unknown}
 q - 2 scrolls of immolation {unknown}
 v - 2 scrolls of remove curse {unknown}
 A - a scroll of fear {unknown}
 B - a scroll of fog {unknown}
Potions
 e - 2 potions of haste {unknown}
 h - a potion of brilliance {unknown}
 m - a potion of resistance {unknown}
 o - 2 potions of flight {unknown}
 r - a potion of magic {unknown}
 s - a potion of cancellation {unknown}
 t - 2 potions of ambrosia {unknown}
Books
 u - a book of Changes

   Spells                             Type                      Level
   a - Beastly Appendage              Transmutation                1
   b - Sticks to Snakes               Transmutation                2
   c - Spider Form                    Transmutation/Poison         3
   d - Ice Form                       Ice/Transmutation            4
   e - Blade Hands                    Transmutation                5
Comestibles
 f - 5 bread rations
 i - 2 royal jellies
 p - a meat ration
 w - a fruit


   Skills:
 + Level 6.1 Fighting
 + Level 6.6 Long Blades
 - Level 1.7 Throwing
 - Level 2.4 Dodging
 - Level 2.4 Shields


You had 7 spell levels left.
You didn't know any spells.

Dungeon Overview and Level Annotations

Branches:
Dungeon (5/15)
 Temple: D:4-7

Altars:
Elyvilon
Makhleb
Yredelemnul
The Shining One


Innate Abilities, Weirdness & Mutations

You cannot wear boots.
Your serpentine skin is tough. (AC +2)
You have supernaturally acute eyesight. (SInv)
Armour fits poorly on your strangely shaped body.
Your system is resistant to poisons. (rPois)
You cover ground very slowly.
You have a slow metabolism.
You can spit poison.
You tend to lose your temper in combat.
You occasionally shout uncontrollably at your foes.


Message History

The orc warrior is poisoned.
The orc warrior is lightly wounded.
You feel slightly more hungry. You block the howler monkey's attack.
An orc comes into view. It is wielding a club.
The howler monkey hits you. The orc wizard completely misses you.
The howler monkey barely misses you.
The orc warrior hits you with a war axe!!
The orc wizard casts a spell.
The orc wizard flickers and vanishes for a moment.
The orc closely misses you. The orc closely misses you.
The orc warrior hits you with a war axe!!
* * * LOW HITPOINT WARNING * * *
The howler monkey closely misses you.
You have got your breath back.
The orc hits you but does no damage.
The orc throws a stone.
The stone closely misses you. You block the howler monkey's attack.
There is a stone staircase leading down here.
The orc warrior hits you with a war axe!!
You die...

#### ###### ####.....
.....######## ##........
.......##...###..##.....
........................
................o.......
...............hooo.....
................@.....#
......................#
........................
...........(..........#P.
........................P
..#......>..........#...P
...>...#......#.##.##.#..
######.##............(.P.
# #.#####.##.........#


You could see an orc warrior, a howler monkey, an orc wizard (invisible) and 2
orcs.

Vanquished Creatures
  Grinder (D:4)
  Sigmund (D:3)
  A sky beast (D:5)
  3 hounds
  3 orc priests (D:3)
  Jessica (D:3)
  An iguana (D:5)
  2 orc wizards
  A worker ant (D:4)
  4 gnolls (D:2)
  3 adders
  An adder zombie (D:5)
  5 worms
  2 dart slugs
  3 leopard geckos
  13 orcs
  A bat (D:1)
  6 giant cockroaches
  6 goblins
  4 hobgoblins
  7 jackals
  2 ball pythons
  A frilled lizard (D:4)
  A jackal skeleton (D:5)
  6 kobolds
  2 rats
81 creatures vanquished.

Notes
Turn   | Place    | Note
-------+----------+-------------------------------------------
     0 | D:1      | Gerstahl the Naga Gladiator began the quest for the Orb.
     0 | D:1      | Reached XP level 1. HP: 19/19 MP: 1/1
   644 | D:1      | Reached XP level 2. HP: 27/27 MP: 2/2
  1182 | D:2      | Reached XP level 3. HP: 29/33 MP: 3/3
  1385 | D:2      | Found a basalt altar of Yredelemnul.
  1390 | D:2      | Reached skill level 1 in Shields
  1390 | D:2      | Reached XP level 4. HP: 36/42 MP: 4/4
  1664 | D:3      | Reached XP level 5. HP: 46/49 MP: 5/5
  1816 | D:3      | Found a burning altar of Makhleb.
  1874 | D:3      | Noticed Jessica
  1888 | D:3      | Reached XP level 6. HP: 46/57 MP: 6/6
  1894 | D:3      | Killed Jessica
  2267 | D:3      | Noticed Sigmund
  2273 | D:3      | Killed Sigmund
  2273 | D:3      | Reached skill level 5 in Long Blades
  2273 | D:3      | Reached XP level 7. HP: 61/66 MP: 7/7
  2473 | D:4      | Reached skill level 5 in Fighting
  2524 | D:4      | Noticed Grinder
  2700 | D:4      | Killed Grinder
  2899 | D:4      | Found a glowing golden altar of the Shining One.
  3010 | D:4      | Found a white marble altar of Elyvilon.
  3225 | D:5      | Entered Level 5 of the Dungeon
  3244 | D:5      | Reached XP level 8. HP: 61/76 MP: 8/8
  3248 | D:5      | Gained mutation: You occasionally shout uncontrollably at your foes. [mutagenic meat]
  3249 | D:5      | Gained mutation: You tend to lose your temper in combat. [mutagenic meat]
  3370 | D:5      | Slain by an orc warrior

Vault maps used:
D:1:      dpeg_arrival_concentric_ovals, serial_forest,
          infiniplex_forest_clump_tiny, infiniplex_forest_clump_tiny,
          infiniplex_forest_clump_tiny, infiniplex_forest_clump_small,
          grunt_decor_resistance
D:2:      nicolae_overflow_hidden_temple, first_bread
D:3:      makhleb_blood_cavern_becter, kennysheep_big_empty_room, uniq_jessica,
          uniq_sigmund
D:4:      cheibrodos_quashed, tso_metal_star, elyvilon_altar_3, uniq_grinder
D:5:      minmay_temple_entry_overgrown

Skill      XL: |  1  2  3  4  5  6  7 |
---------------+----------------------+-----
Fighting       | 3 4 6 |  6.1
Shields        | 1 2 |  2.4
Long Blades    | 4 5 6 |  6.6
Throwing       | |  1.7
Dodging        | |  2.4

Action                   |  1- 3 |  4- 6 |  7- 9 || total
-------------------------+-------+-------+-------++-------
Melee: Long sword        |    48 |    87 |    80 ||   215
 Abil: Spit Poison       |    11 |    21 |     9 ||    41
  Eat: Chunk             |     1 |     4 |     5 ||    10
Armor: Leather armour    |    17 |    24 |    31 ||    72
Dodge: Dodged            |    35 |    44 |    51 ||   130
Block: Buckler           |       |     3 |    26 ||    29
       Rpst.: Long sword |    10 |    13 |    14 ||    37

Table legend:
 A = Spawn XP
 B = Non-spawn XP
 C = Spawn XP percentage of total XP
 D = Spawn monster count
 E = Non-spawn monster count
 F = Spawn count percentage of total count
 G = Total turns spent on level
                    A         B        C        D         E        F      G
               +---------+---------+-------+---------+---------+-------+---------
         Total |       0 |    1300 |   0.0 |       0 |      81 |   0.0 |  3370
               +---------+---------+-------+---------+---------+-------+---------
           D:1 |       0 |      16 |   0.0 |       0 |       8 |   0.0 |  1106
           D:2 |       0 |     121 |   0.0 |       0 |      25 |   0.0 |   532
           D:3 |       0 |     566 |   0.0 |       0 |      33 |   0.0 |   881
           D:4 |       0 |     419 |   0.0 |       0 |      10 |   0.0 |   706
           D:5 |       0 |     178 |   0.0 |       0 |       5 |   0.0 |   145
               +---------+---------+-------+---------+---------+-------+---------
